 Dungeon Crawl Stone Soup version 0.27.0-1-g7a089689b8 (webtiles) character file.

Game seed: 17433717251708638839

667 Strat the Sneak (level 7, -1/39 (40) HPs)
             Began as a Kobold Hunter on Aug 7, 2021.
             Was an Initiate of Wu Jian.
             Slain by a wight (16 damage)
             ... on level 5 of the Dungeon.
             The game lasted 00:15:50 (2702 turns).

Strat the Sneak (Kobold Hunter)                     Turns: 2702, Time: 00:15:51

HP:   -1/39 (40)    AC:  5    Str:  9    XL:     7   Next: 88%
MP:   7/7           EV: 13    Int: 13    God:    Wu Jian [......]
Gold: 118           SH:  0    Dex: 17    Spells: 6/6 levels left

rFire    . . .     SeeInvis .   a - +2 hand crossbow
rCold    . . .     Faith    .   (shield restricted)
rNeg     . . .     Spirit   .   m - +0 ring mail
rPois    .         Reflect  .   (no helmet)
rElec    .         Harm     .   (no cloak)
rCorr    .         Rampage  .   (no gloves)
Will     .....                  (no boots)
Stlth    ++++......             (no amulet)
HPRegen  0.13/turn              (no ring)
MPRegen  0.10/turn              (no ring)

@: lightly drained
A: small, no large weapons, nightstalker 3
a: Renounce Religion


You were on level 5 of the Dungeon.
You worshipped Wu Jian.
Wu Jian was noncommittal.
You visited 2 branches of the dungeon, and saw 7 of its levels.

You collected 118 gold pieces.

Inventory:

Hand Weapons
 a - a +2 hand crossbow (weapon)
 b - a +0 short sword
Missiles
 d - 46 bolts (quivered ammo)
 f - 150 stones
 q - 37 poisoned darts
Armour
 c - a +0 leather armour
 m - a +0 ring mail (worn)
Jewellery
 n - a ring of fire
Wands
 o - a wand of acid (9)
 s - a wand of flame (15)
Scrolls
 g - a scroll of amnesia
 h - 2 scrolls of teleportation
 i - a scroll of fear
 j - a scroll of enchant armour
 k - a scroll of blinking
Potions
 e - 2 potions of magic
 l - a potion of heal wounds
 p - a potion of haste
 r - a potion of resistance {unknown}


   Skills:
 + Level 2.9 Fighting
 + Level 6.7 Short Blades
 - Level 4.9 Crossbows
 + Level 3.2 Dodging
 + Level 7.7 Stealth


You had 6 spell levels left.
You didn't know any spells.
Your spell library was empty.

Dungeon Overview and Level Annotations

Branches:
Dungeon (6/15)             Temple (1/1) D:4

Altars:
Ashenzari
Elyvilon
Hepliaklqana
Kikubaaqudgha
Makhleb
Nemelex Xobeh
Sif Muna
Uskayaw
Wu Jian
Yredelemnul
Zin

Shops:
D:3 ((

Annotations:
D:4 Blork the orc, Natasha


Innate Abilities, Weirdness & Mutations

You are small and have problems with some larger weapons.
You are completely attuned to the shadows.


Message History

You hit the howler monkey skeleton.
The howler monkey skeleton is almost destroyed.
You hit the howler monkey skeleton.
You destroy the howler monkey skeleton!
The Council accepts your kill.
a - a +2 hand crossbow (weapon)
Found a stone staircase leading down.
There is a stone staircase leading down here.
There is a stone staircase leading down here.
A scorpion zombie comes into view.
The scorpion zombie moves out of view.
There is a stone staircase leading down here.
There is a stone staircase leading down here.
There is a stone staircase leading down here.
There is a stone staircase leading down here.
A wight comes into view. It is wielding a +4 scimitar.
There is a stone staircase leading down here.
There is a stone staircase leading down here.
Fire: 50 bolts
Press: ? - help, Q - select action, (/) - cycle Shift-Dir - straight line, f - wight
Aim: a wight, wielding a +1 great sword and wearing a +0 robe (68% to hit)
You shoot a bolt. The bolt hits the wight.
The wight is moderately damaged.
Fire: 49 bolts
Press: ? - help, Q - select action, (/) - cycle Shift-Dir - straight line, f/p - wight
Aim: a wight, wielding a +1 great sword and wearing a +0 robe (moderately damaged, 68% to hit)
You shoot a bolt. The bolt completely misses the wight.
Fire: 48 bolts
Press: ? - help, Q - select action, (/) - cycle Shift-Dir - straight line, f/p - wight
Aim: a wight, wielding a +1 great sword and wearing a +0 robe (moderately damaged, 68% to hit)
You shoot a bolt. The bolt closely misses the wight.
The wight hits you with a +1 great sword!
* * * LOW HITPOINT WARNING * * *
Fire: 47 bolts
Press: ? - help, Q - select action, (/) - cycle Shift-Dir - straight line, f/p - wight
Aim: a wight, wielding a +1 great sword and wearing a +0 robe (moderately damaged, 68% to hit)
You shoot a bolt. The bolt hits the wight!
The wight is severely damaged.
The wight hits you with a +1 great sword!
You die...

##.###.###.########
#.# #.# #.....)...
#.# #.###.########
#># #.....# #(#
####### #(# #.# #z#
#@########
#>.......#
########.# #.# #.#
#####.# #.....# ###
#.##### #.. #.# #.#


You could see a wight.

Vanquished Creatures
  Sigmund (D:4)
  An ogre (D:5)
  A phantom (D:4)
  A wight (D:5)
  A hound (D:5)
  2 bullfrog skeletons (D:4)
  3 orc priests (D:4)
  A gnoll (D:5)
  A howler monkey skeleton (D:5)
  3 adders
  A shadow imp (D:5)
  2 dart slugs (D:4)
  9 orcs
  5 ball pythons
  4 endoplasms
  2 giant cockroaches
  4 hobgoblins
  3 jackals (D:1)
  5 kobolds
  7 quokkas
  A bat (D:1)
  2 frilled lizards
  2 goblins (D:2)
  3 rats
65 creatures vanquished.

Vanquished Creatures (others)
  50 plants (D:2)
50 creatures vanquished.

Grand Total: 115 creatures vanquished

Notes
Turn   | Place    | Note
-------+----------+-------------------------------------------
     0 | D:1      | Strat the Kobold Hunter began the quest for the Orb.
     0 | D:1      | Reached XP level 1. HP: 12/12 MP: 1/1
    60 | D:1      | Reached XP level 2. HP: 14/18 MP: 2/2
   218 | D:1      | Reached skill level 2 in Stealth
   358 | D:2      | Reached skill level 1 in Short Blades
   358 | D:2      | Reached XP level 3. HP: 19/22 MP: 3/3
   473 | D:2      | Reached skill level 3 in Stealth
   584 | D:2      | Found a hazy altar of Hepliaklqana.
   584 | D:2      | Noticed a black bear
   679 | D:3      | Found Ahonkist's Weapon Boutique.
   710 | D:3      | Reached XP level 4. HP: 13/27 MP: 4/4
   850 | D:3      | Found Xarruc's Antique Weapon Emporium.
   998 | D:4      | Reached skill level 4 in Stealth
  1076 | D:4      | Reached XP level 5. HP: 20/31 MP: 5/5
  1162 | D:4      | Noticed a phantom
  1211 | D:4      | Noticed a phantom
  1222 | D:4      | Killed a phantom
  1223 | D:4      | Reached skill level 5 in Stealth
  1223 | D:4      | Reached XP level 6. HP: 27/36 MP: 6/6
  1306 | D:4      | Noticed Sigmund
  1317 | D:4      | Killed Sigmund
  1318 | D:4      | Reached skill level 5 in Short Blades
  1318 | D:4      | Reached skill level 6 in Stealth
  1347 | D:4      | Noticed Blork the orc
  1375 | D:4      | Reached XP level 7. HP: 30/40 MP: 7/7
  1505 | D:4      | Reached skill level 7 in Stealth
  1518 | D:4      | Noticed Natasha
  1540 | D:4      | Found a staircase to the Ecumenical Temple.
  1546 | Temple   | Entered the Ecumenical Temple
  1945 | Temple   | Became a worshipper of the Wu Jian Council
  2086 | D:5      | Entered Level 5 of the Dungeon
  2387 | D:5      | Found a sparkling altar of Nemelex Xobeh.
  2702 | D:5      | Slain by a wight

Illustrated notes

Levels and vault maps discovered:
D:1:      kennysheep_arrival_forest, layout_loops_ring
D:2:      wad_woods_stonehenge, layout_rooms, minmay_misc_feat_encased
D:3:      layout_loops_cross, mainiacjoe_overflow_24_doors, serial_shops,
          nicolae_diamond_shop, shop, kennysheep_generic_room_7
D:4:      layout_loops_ring, minmay_temple_entry_hall, minmay_quadrilaterals,
          uniq_natasha, uniq_sigmund, uniq_blork_the_orc
D:5:      layout_loops_ring, nemelex_dance_club_becter,
          gammafunk_ghost_nasty_kobolds, uniq_edmund, uniq_ijyb,
          uniq_crazy_yiuf_cottage
D:6:      layout_rooms, uniq_maggie
Temple:   dpeg_chambers_temple

Skill      XL: |  1  2  3  4  5  6  7 |
---------------+----------------------+-----
Stealth        | 2 3 4 5 6 7 |  7.7
Short Blades   | 1 2 3 4 5 6 |  6.7
Dodging        | 3 |  3.2
Fighting       | |  2.9
Crossbows      | |  4.9

Action                   |  1- 3 |  4- 6 |  7- 9 || total
-------------------------+-------+-------+-------++-------
Melee: Short sword       |    35 |    10 |    27 ||    72
 Fire: Hand crossbow     |    41 |    48 |    64 ||   153
Invok: Lunge             |       |       |     3 ||     3
  Use: Scroll            |       |     7 |     3 ||    10
 Stab: Sleeping          |     3 |     1 |     1 ||     5
Armor: Leather armour    |    10 |       |       ||    10
       Ring mail         |       |     1 |    15 ||    16
Dodge: Dodged            |    42 |    32 |    39 ||   113
